Map: Crête de Lerilak

Players

Kosmatiy

  • Race: Terran Terran
  • League: Diamond

Worming - Winner!

  • Race: Zerg Zerg
  • League: Diamond

VOD

Have the link to the VOD?

Description

Time

  • Played on: Dec. 12, 2015, 10:04 a.m.
  • Length: 13:00
Show
View Real Time Build Order
Export as new Build Order

Kosmatiy Terran 

Build Orders: Reaper Expand, MMM Bio 

Get SALT Encoding   

  12  0:01  SCV  
  13  0:13  SCV  
  14  0:18  Supply Depot  
  14  0:25  SCV  
  15  0:39  SCV  
  15  0:42  Barracks  
  16  0:51  Refinery, SCV  
  17  1:03  SCV  
  18  1:16  SCV  
  19  1:32  Orbital Command  
  19  1:34  Reaper  
  20  1:44  Command Center  
  20  1:55  Supply Depot  
  20  1:58  SCV  
  21  2:07  Barracks Reactor  
  21  2:11  SCV  
  21  2:13  Refinery  
  22  2:23  SCV  
  23  2:53  Factory, Marine x2  
  23  2:56  Orbital Command  
  23  2:57  SCV  
  26  3:09  SCV  
  26  3:10  Marine  
  26  3:11  Marine  
  29  3:21  SCV  
  30  3:40  Starport, Armory  
  30  3:41  SCV  
  31  3:42  SCV  
  31  3:46  Marine  
  31  3:47  Hellion  
  31  3:48  Hellion  
  37  3:53  SCV  
  37  3:54  SCV  
  39  4:05  SCV  
  39  4:06  SCV  
  41  4:10  Hellion x2, Marine  
  41  4:16  Supply Depot  
  46  4:17  Supply Depot  
  46  4:29  Supply Depot  
  46  4:33  Supply Depot  
  46  4:37  Marine  
  46  4:38  Medivac, SCV x2  
  51  4:40  Refinery  
  51  4:49  Hellion x2  
  51  4:50  SCV x2  
  51  4:51  Supply Depot  
  57  4:56  Command Center  
  56  5:23  SCV x2  
  54  6:02  Barracks Tech Lab, Barracks  
  54  6:03  Barracks  
  54  6:04  Barracks  
  48  6:11  Factory Tech Lab  
  43  6:21  Marauder  
  43  6:22  Medivac x2, Orbital Command  
  43  6:24  Bunker  
  49  6:28  Supply Depot  
  49  6:31  Supply Depot  
  49  6:32  Supply Depot, SCV x2  
  51  6:34  Supply Depot  
  47  6:42  Marauder  
  47  6:43  Stimpack  
  47  6:44  Siege Tank  
  47  6:46  SCV x2  
  54  6:57  Marine x2  
  54  6:58  Medivac x2, SCV x2  
  62  7:04  Marauder  
  62  7:10  SCV  
  62  7:18  Siege Tank  
  62  7:20  Barracks Reactor x2  
  62  7:21  Barracks Tech Lab  
  65  7:23  Engineering Bay  
  65  7:24  SCV x2  
  65  7:25  Engineering Bay  
  65  7:26  Liberator x2, SCV  
  68  7:30  Refinery  
  68  7:31  Supply Depot  
  68  7:32  Supply Depot  
  68  7:36  SCV x2  
  69  7:38  SCV  
  75  7:46  Marauder  
  75  7:48  SCV x2  
  75  7:49  Supply Depot  
  75  7:50  Siege Tank, Supply Depot  
  82  7:52  Terran Infantry Weapons Level 1  
  82  7:53  Supply Depot  
  82  7:56  SCV  
  83  8:00  SCV, Marine, Marauder  
  83  8:01  Marine  
  83  8:02  Supply Depot  
  88  8:07  Marauder  
  90  8:21  Marauder, Marine x4  
  90  8:22  Siege Tank  
  99  8:29  Marauder  
  101  8:37  Supply Depot  
  101  8:39  Marine x4  
  105  8:43  Marauder  
  107  8:49  Marine  
  107  8:56  Marine  
  107  9:02  Siege Tank  
  107  9:07  Marauder  
  107  9:08  Marine x2, Marauder  
  107  9:09  Marine  
  114  9:14  Marine  
  114  9:15  Barracks  
  114  9:16  Barracks  
  115  9:17  Armory  
  115  9:26  Marine x2  
  115  9:27  Marine  
  115  9:29  Marauder x2  
  114  9:32  Marine  
  115  9:44  Marine x3  
  118  9:50  Marauder, Marine  
  118  9:51  Marauder  
  123  9:53  Concussive Shells  
  123  9:54  Combat Shields  
  123  10:01  Marine  
  123  10:02  Marine  
  125  10:12  Marauder x2  
  129  10:20  Marine  
  129  10:21  Marine x3  
  120  10:33  Marauder x2  
  120  10:34  Orbital Command  
  117  10:38  Barracks Tech Lab, Marine x2  
  117  10:39  Marine x2  
  119  10:54  Marauder  
  119  10:55  Terran Infantry Armor Level 1, Marauder  
  119  10:56  Marine  
  124  11:00  SCV x3  
  127  11:12  SCV x2  
  127  11:16  Marauder x2  
  134  11:19  Refinery  
  133  11:35  Missile Turret  
  133  11:36  Missile Turret  
  133  11:37  Missile Turret, Marauder  
  133  11:38  Marauder  
  132  11:40  Orbital Command  
  96  11:53  Marauder  
  78  11:59  Marauder x2  
  72  12:12  Orbital Command  
  72  12:14  Marauder  
  66  12:22  Marine, Marauder x2  
  70  12:23  Marine x2  
  70  12:25  Medivac  
  75  12:36  Marauder  
  79  12:44  Missile Turret  
Show
View Real Time Build Order
Export as new Build Order

Worming Zerg - Winner!

Build Orders: Hatch First, Muta Ling Bane 

Get SALT Encoding   

  12  0:01  Drone  
  13  0:12  Overlord  
  13  0:18  Drone  
  14  0:30  Drone x2  
  14  0:34  Drone  
  17  0:47  Drone  
  18  0:58  Hatchery  
  18  1:01  Drone  
  18  1:12  Spawning Pool  
  18  1:15  Drone  
  18  1:21  Drone  
  19  1:31  Drone  
  20  1:34  Extractor  
  20  1:39  Overlord  
  19  1:51  Drone  
  20  1:58  Queen  
  20  2:00  Zergling x2  
  23  2:10  Queen  
  23  2:11  Drone  
  23  2:12  Drone  
  27  2:21  Drone  
  28  2:23  Drone  
  28  2:27  Extractor  
  28  2:34  Queen  
  30  2:38  Zergling x2  
  30  2:39  Metabolic Boost, Zergling x2  
  31  2:49  Extractor  
  32  2:59  Drone x4  
  36  3:07  Overlord  
  35  3:13  Overlord x2  
  35  3:31  Queen, Drone x3  
  35  3:32  Drone x3  
  43  3:39  Overlord  
  43  3:52  Hatchery  
  42  3:57  Drone x8  
  50  4:12  Extractor  
  50  4:14  Extractor  
  50  4:15  Extractor  
  47  4:18  Lair  
  47  4:20  Evolution Chamber  
  47  4:22  Evolution Chamber  
  47  4:23  Drone x3, Roach Warren  
  47  4:24  Drone x2  
  47  4:26  Drone  
  50  4:39  Drone  
  50  4:40  Drone x2  
  50  4:45  Overlord  
  53  4:46  Overlord  
  53  4:48  Zergling x2  
  53  4:51  Zerg Melee Weapons Level 1, Zerg Ground Armor Level 1  
  54  4:55  Drone  
  54  4:56  Baneling Nest  
  54  5:00  Overlord  
  54  5:11  Overlord  
  54  5:12  Zergling x12  
  54  5:14  Zergling x2  
  61  5:21  Roach x2  
  61  5:27  Roach x3  
  65  5:42  Roach  
  66  5:43  Roach x5  
  64  5:50  Roach x3  
  70  5:59  Zergling x2, Roach x3  
  67  6:17  Drone x6  
  67  6:18  Drone x3  
  74  6:21  Centrifical Hooks  
  74  6:27  Spore Crawler  
  74  6:31  Glial Reconstitution  
  73  6:37  Queen x2  
  73  6:38  Queen  
  79  6:44  Overlord  
  79  6:45  Drone x3  
  82  6:55  Ravager x5  
  82  6:56  Ravager x4  
  91  7:10  Drone x9  
  91  7:13  Extractor  
  91  7:14  Extractor  
  97  7:18  Overseer  
  97  7:19  Pneumatized Carapace  
  97  7:25  Drone x3  
  100  7:42  Zerg Melee Weapons Level 2  
  97  7:48  Overlord  
  97  7:49  Zerg Ground Armor Level 2  
  97  7:55  Overlord  
  97  7:56  Zergling x12  
  97  7:57  Overlord x3  
  103  8:02  Spire  
  102  8:09  Hatchery  
  101  8:26  Zergling x2  
  101  8:27  Zergling x34  
  115  9:05  Queen x2  
  115  9:06  Queen  
  121  9:10  Drone x3, Extractor  
  121  9:14  Zergling x28  
  137  9:18  Spore Crawler  
  127  9:33  Drone x6  
  133  9:39  Corruptor x2, Mutalisk  
  133  9:40  Corruptor x6  
  151  9:48  Zerg Flyer Weapons Level 1  
  151  9:53  Infestation Pit  
  150  10:01  Drone x3, Spine Crawler, Extractor  
  150  10:03  Overlord x5  
  146  10:18  Drone x4  
  150  10:31  Hive  
  147  10:45  Queen x2  
  147  10:47  Drone x2  
  147  10:48  Drone, Zergling x2  
  147  10:49  Zergling x16  
  163  10:52  Baneling x10  
  163  10:54  Queen  
  163  10:58  Baneling x5  
  163  10:59  Baneling x2, Corruptor x3  
  169  11:21  Zergling x2  
  169  11:22  Zergling x10  
  144  11:48  Zergling x2  
  144  11:49  Zergling x26  
  139  12:11  Zergling x24  
  139  12:13  Baneling x5  
  139  12:14  Baneling x3  
  139  12:15  Baneling x5  
  139  12:20  Ultralisk Cavern  
  135  12:23  Queen  
  124  12:57  Hatchery  
Tags
 
Add a new tag
Caveats
  • Supply blocks, unpowered buildings, or Contaminate may cause inaccurate times.
  • Supply counts are checked every 10 seconds.